 Dungeon Crawl Stone Soup version 0.21-a0-221-gfe971b9 (webtiles) character file.

322 Gorglomux the Chopper (level 6, -4/53 HPs)
             Began as a Hill Orc Earth Elementalist on Aug 25, 2017.
             Slain by an orc
             ... wielding a cursed +0 short sword
              (7 damage)
             ... on level 4 of the Dungeon.
             The game lasted 00:10:04 (5372 turns).

Gorglomux the Chopper (Hill Orc Earth Elementalist) Turns: 5372, Time: 00:10:05

Health: -4/53      AC:  5    Str: 13    XL:     6   Next: 47%
Magic:  8/8        EV: 12    Int: 15    God:
Gold:   126        SH:  0    Dex: 11    Spells: 7/8 levels left

rFire    . . .     SeeInvis .   V - +0 war axe
rCold    . . .     Gourm    .   (no shield)
rNeg     . . .     Faith    .   c - +0 robe
rPois    .         Spirit   .   h - +0 helmet
rElec    .         Reflect  .   g - +0 cloak
rCorr    .         Harm     .   (no gloves)
MR       .....                  (no boots)
Stlth    ++........             (no amulet)
HPRegen  0.17/turn              K - +1 ring of protection
MPRegen  0.11/turn              (no ring)

@: no status effects
A: no striking features
a: no special abilities


You were on level 4 of the Dungeon.
You were hungry.

You visited 2 branches of the dungeon, and saw 5 of its levels.
You also visited: Ossuary.

You collected 126 gold pieces.

Inventory:

Hand Weapons
 S - a +0 short sword
 V - a +0 war axe (weapon)
Missiles
 b - 146 stones (quivered)
Armour
 c - a +0 robe (worn)
 g - a +0 cloak (worn)
 h - a +0 helmet (worn)
Jewellery
 K - a +1 ring of protection (left hand)
Scrolls
 L - 2 scrolls of remove curse
 M - a scroll of recharging {unknown}
 N - a scroll of immolation
 O - a scroll of enchant armour {unknown}
 T - a scroll of teleportation
 W - 2 scrolls of fear {unknown}
 X - 2 scrolls of enchant weapon
 Y - 2 scrolls of fog {unknown}
Potions
 n - a potion of invisibility
 r - 2 potions of magic
 u - a potion of brilliance
 I - a potion of lignification
 J - a potion of ambrosia {unknown}
 P - a potion of agility {unknown}
 Q - 3 potions of curing
 U - a potion of flight {unknown}
 Z - a potion of cancellation {unknown}
Books
 e - a book of Geomancy

   Spells                             Type                      Level
   a - Sandblast                      Earth                        1
   b - Passwall                       Transmutation/Earth          2
   c - Stone Arrow                    Conjuration/Earth            3
   d - Petrify                        Transmutation/Earth          4
   e - Lee's Rapid Deconstruction     Earth                        5
Comestibles
 d - 6 bread rations


   Skills:
 - Level 4.4 Fighting
 + Level 6.4 Axes
 - Level 1.5 Dodging
 - Level 1.5 Stealth
 - Level 1.5 Spellcasting
   Level 0.6 Transmutations
 - Level 3.0 Earth Magic


You had 7 spell levels left.
You knew the following spells:

 Your Spells              Type           Power        Failure   Level  Hunger
a - Sandblast             Erth           ##....       7%          1    ##.....


Dungeon Overview and Level Annotations

Branches:
Dungeon (4/15)             Temple (1/1) D:4

Altars:
Ashenzari
Cheibriados
Dithmenos
Elyvilon
Fedhas
Gozag
Makhleb
Sif Muna
Trog
Vehumet
Xom
Yredelemnul
Zin


Message History

Press: ? - help, Shift-Dir - straight line, f - orc
Aim: an orc, wielding a short sword and wearing a shiny chain mail
Okay, then!
The orc hits you but does no damage! The orc barely misses you!
The orc wizard gestures wildly while chanting!
The orc wizard flickers and vanishes!!!
Deactivating autopickup; reactivate with Ctrl-A!
There is an open butt here!
Okay, then!
You closely miss the orc!
Butt slice the orc like a ripe choko!
The orc butts you but does no damage!
The orc hits you with a war axe!!! * * * don't die
* * * You open the orc but do no damage!
You closely miss the orc!
The orc hits you with a short sword! * * * don't die
* * * The orc hits you with a war axe! * * * don't die
* * * The orc hits you with a short sword!!! rip

#........##.##≈≈####≈≈##
+.........>..##########
#........#.........#
#..................#
######'###.........#
#..##......#### #
#####.##o.....# ###
#.....##......# ..#
#......#o@....#
#.######.............#
..............#.######
..≈≈≈≈≈.......#.#
≈≈≈≈≈≈≈≈≈.....#.#
≈≈≈≈≈≈≈≈≈≈≈...#.#
≈≈≈...≈≈≈≈≈≈..#.#
≈≈≈.>.≈≈≈≈≈≈..#.#
≈≈≈...≈≈≈≈≈≈....#


You could see 2 orcs.

Vanquished Creatures
  2 orc priests (D:3)
  2 orc wizards
  A worker ant (D:4)
  3 mummies (Ossuary)
  Robin (D:3)
  A gnoll (D:1)
  An adder (D:2)
  A river rat (D:4)
  An ooze (D:4)
  2 worms (D:3)
  2 dart slugs
  3 leopard geckos
  7 orcs
  2 giant cockroaches
  A gnoll zombie (Ossuary)
  12 goblins
  11 hobgoblins
  8 jackals
  A quokka (D:3)
  A ball python (D:2)
  5 bats
  7 frilled lizards
  A goblin zombie (Ossuary)
  5 hobgoblin zombies (Ossuary)
  4 kobolds
  A kobold zombie (Ossuary)
  10 rats
96 creatures vanquished.

Vanquished Creatures (others)
  An orc zombie (Ossuary)
1 creature vanquished.

Grand Total: 97 creatures vanquished

Notes
Turn   | Place    | Note
-------+----------+-------------------------------------------
     0 | D:1      | Gorglomux the Hill Orc Earth Elementalist began the quest for the Orb.
     0 | D:1      | Reached XP level 1. HP: 14/14 MP: 3/3
    90 | D:1      | Reached skill level 1 in Fighting
   157 | D:1      | Reached XP level 2. HP: 23/25 MP: 0/4
   395 | D:1      | Reached skill level 3 in Fighting
   395 | D:1      | Reached XP level 3. HP: 17/31 MP: 5/5
  1187 | D:2      | Noticed an angel
  1187 | D:2      | Found a shimmering altar of Xom.
  1189 | D:2      | Found a glowing silver altar of Zin.
  1446 | D:2      | Found an opulent altar of Gozag.
  1538 | D:2      | Found a blossoming altar of Fedhas.
  2213 | D:2      | Reached XP level 4. HP: 30/40 MP: 6/6
  2701 | D:3      | Reached skill level 1 in Axes
  2706 | D:3      | Reached skill level 2 in Axes
  2715 | D:3      | Noticed Robin
  2740 | D:3      | HP: 1/41 [goblin[Robin] (3)]
  2757 | D:3      | HP: 2/41 [hobgoblin (1)]
  2765 | D:3      | HP: 1/41 [hobgoblin (2)]
  3196 | D:3      | Reached XP level 5. HP: 40/47 MP: 4/7
  3204 | D:3      | Reached skill level 3 in Axes
  3457 | D:3      | Killed Robin
  3750 | D:4      | Reached skill level 4 in Axes
  3872 | D:4      | Found a sand-covered staircase.
  3879 | Ossuary  | Entered an ossuary
  3879 | Ossuary  | Noticed a wraith
  3879 | Ossuary  | Noticed a wraith
  3879 | Ossuary  | Noticed a wraith
  4235 | Ossuary  | Noticed a wraith
  4367 | Ossuary  | Reached skill level 5 in Axes
  4440 | D:3      | Reached XP level 6. HP: 15/53 MP: 8/8
  4440 | D:3      | HP: 1/53 [orc priest/divine providence (14)]
  4748 | D:4      | Found a staircase to the Ecumenical Temple.
  4776 | Temple   | Entered the Ecumenical Temple
  5034 | D:4      | Reached skill level 6 in Axes
  5372 | D:4      | Slain by an orc

Vault maps used:
D:1:      nicolae_arrival_washed_ashore
D:2:      grunt_temple_overflow_order_and_chaos_1, lemuel_crystal_altar,
          fedhas_altar_3
D:3:      uniq_robin
D:4:      nicolae_overflow_crystal_walls, temple_pool_b,
          gup_sewer_entry_bubbles, enter_ossuary_5, serial_shops, shop
Temple:   jpeg_temple_alley_garden
Ossuary:  ossuary_kennysheep_city_of_the_dead

Skill      XL: |  1  2  3  4  5  6 |
---------------+-------------------+-----
Fighting       | 2 3 4 |  4.4
Axes           | 2 5 6 |  6.4
Dodging        | |  1.5
Stealth        | |  1.5
Spellcasting   | |  1.5
Transmutations | |  0.6
Earth Magic    | |  3.0

Action                   |  1- 3 |  4- 6 || total
-------------------------+-------+-------++-------
Melee: Unarmed           |    35 |       ||    35
       Short sword       |   121 |    44 ||   165
       War axe           |       |   142 ||   142
 Cast: Sandblast         |    21 |    24 ||    45
  Use: Scroll            |       |    11 ||    11
       Potion            |       |     2 ||     2
 Stab: Sleeping          |     3 |     2 ||     5
       Distracted        |     1 |       ||     1
  Eat: Chunk             |     3 |     7 ||    10
       Bread ration      |       |     1 ||     1
       Fruit             |       |     1 ||     1
Armor: Robe              |    46 |    53 ||    99
Dodge: Dodged            |   110 |   147 ||   257

Table legend:
 A = Spawn XP
 B = Non-spawn XP
 C = Spawn XP percentage of total XP
 D = Spawn monster count
 E = Non-spawn monster count
 F = Spawn count percentage of total count
 G = Total turns spent on level
                    A         B        C        D         E        F      G
               +---------+---------+-------+---------+---------+-------+---------
         Total |      16 |     445 |   3.5 |      11 |      85 |  11.5 |  5372
               +---------+---------+-------+---------+---------+-------+---------
           D:1 |       6 |      48 |  11.1 |       4 |      22 |  15.4 |  1140
           D:2 |       6 |      39 |  13.3 |       4 |      13 |  23.5 |  1793
           D:3 |       3 |     194 |   1.5 |       2 |      28 |   6.7 |  1081
           D:4 |       1 |     101 |   1.0 |       1 |      11 |   8.3 |   603
       Ossuary |       0 |      63 |   0.0 |       0 |      11 |   0.0 |   523
               +---------+---------+-------+---------+---------+-------+---------
